[Event "42nd Olympiad Baku 2016 Open"]
[Site "Baku"]
[Date "2016.09.04"]
[Round "3.26"]
[White "Kovalyov, Anton"]
[Black "Howell, David W L"]
[Result "1-0"]
[ECO "A15"]
[WhiteElo "2617"]
[BlackElo "2665"]
[Annotator ""]
[PlyCount "107"]
[EventDate "2016.??.??"]
[EventCountry "AZE"]
[SourceTitle "playchess.com"]
[Source "ChessBase"]
[WhiteTeam "Canada"]
[BlackTeam "England"]
[WhiteTeamCountry "CAN"]
[BlackTeamCountry "ENG"]
[TimeControl "40/5400+30:1800+30"]

1. c4 {(00:00)} Nf6 {(00:15)} 2. Nf3 {(00:07)} g6 {
(00:39)} 3. Nc3 {(00:12)} d5 {(00:33)} 4. cxd5 {(
00:06)} Nxd5 {(00:08)} 5. Qb3 {(00:08)} Nb6 {(00:33)} 6.
d4 {(00:07)} Bg7 {(00:36)} 7. Bf4 {(00:06)} Be6 {(
01:59)} 8. Qa3 {(00:07)} c5 {(01:08)} 9. Qxc5 {(00:17)}
Nc6 {(00:13)} 10. e4 {(00:12)} Rc8 {(00:34)} 11. Bb5 {
(01:58)} O-O {(00:09)} 12. Bxc6 {(00:10)} Rxc6 {(
00:08)} 13. Qb4 {(00:26)} f5 {(00:07)} 14. Be5 {(47:21)}
fxe4 {(15:31)} 15. Ng5 {(00:19)} Bc4 {(02:23)} 16. Bxg7 {
(03:24)} Kxg7 {(04:16)} 17. d5 {(04:22)} Nxd5 {(48:
11)} 18. Nxd5 {(00:49)} Bxd5 {(00:51)} 19. Rd1 {(00:13)}
Kg8 {(08:21)} 20. O-O {(05:19)} e6 {(01:45)} 21. Nxe4 {
(01:47)} Qb6 {(03:02)} 22. Rd4 {(11:19)} Qxb4 {(07:
44)} 23. Rxb4 {(00:07)} a5 {(01:32)} 24. Rd4 {(05:17)} Rc2
{(00:30)} 25. Nc3 {(01:40)} Rxb2 {(00:44)} 26. Nxd5 {
(00:27)} exd5 {(00:02)} 27. a4 {(01:17)} Rd8 {(00:
57)} 28. Re1 {(02:48)} Rd7 {(00:35)} 29. h3 {(01:45)} Kf7
{(00:04)} 30. Re5 {(02:50)} b6 {(00:28)} 31. Rexd5 {
(04:18)} Rxd5 {(00:03)} 32. Rxd5 {(00:07)} Ke6 {(
00:42)} 33. Rd3 {(00:08)} Rb4 {(00:56)} 34. Ra3 {(00:06)}
Kd5 {(00:17)} 35. g4 {(00:09)} g5 {(00:53)} 36. Kg2 {
(01:25)} Kc4 {(00:39)} 37. h4 {(00:33)} h6 {(00:27]
} 38. h5 {(02:04)} Kc5 {(00:30)} 39. Kg3 {(00:39)} Rc4 {
(00:31)} 40. Rf3 {(00:00)} Rxa4 {(00:00)} 41. Rf5+ {
(03:20)} Kd4 {(27:12)} 42. Rf6 {(00:18)} b5 {(00:
51)} 43. Rxh6 {(00:20)} Ra1 {(00:17)} 44. Rd6+ {(14:14)}
Kc3 {(01:58)} 45. Rc6+ {(04:08)} Kd4 {(00:07)} 46. Kg2 {
(02:00)} Re1 {(01:45)} 47. h6 {(00:40)} Re8 {(01:
30)} 48. f4 {(00:39)} gxf4 {(00:48)} 49. g5 {(00:18)} Ke3
{(00:32)} 50. g6 {(01:50)} f3+ {(00:30)} 51. Kf1 {(
01:00)} Rd8 {(00:16)} 52. Re6+ {(00:16)} Kf4 {(00:21)} 53.
g7 {(00:06)} Rd1+ {(00:47)} 54. Re1 {(00:12] Ke5} 1-0

[Event "42nd Olympiad Baku 2016 Open"]
[Site "Baku"]
[Date "2016.09.04"]
[Round "3.38"]
[White "Kryvoruchko, Yuriy"]
[Black "Bluebaum, Matthias"]
[Result "1/2-1/2"]
[ECO "C11"]
[WhiteElo "2693"]
[BlackElo "2626"]
[Annotator ""]
[PlyCount "157"]
[EventDate "2016.??.??"]
[EventCountry "AZE"]
[SourceTitle "playchess.com"]
[Source "ChessBase"]
[WhiteTeam "Ukraine"]
[BlackTeam "Germany"]
[WhiteTeamCountry "UKR"]
[BlackTeamCountry "GER"]
[TimeControl "40/5400+30:1800+30"]

1. e4 {(00:00)} e6 {(00:00)} 2. d4 {(00:00)} d5 {(
00:00)} 3. Nc3 {(00:00)} Nf6 {(00:00)} 4. e5 {(00:00)}
Nfd7 {(00:00)} 5. f4 {(00:00)} c5 {(00:00)} 6. Nf3 {
(00:00)} Nc6 {(00:31)} 7. Be3 {(00:08)} Be7 {(00:
13)} 8. Qd2 {(00:36)} a6 {(00:35)} 9. Be2 {(04:57)} O-O {
(00:51)} 10. O-O {(02:27)} b5 {(00:23)} 11. Nd1 {(
01:23)} b4 {(00:48)} 12. c3 {(09:18)} a5 {(06:08)} 13. Bf2
{(12:46)} f6 {(07:20)} 14. Ne3 {(10:29)} fxe5 {(00:
24)} 15. fxe5 {(01:44)} Ba6 {(03:39)} 16. Nc2 {(13:14)}
Qc8 {(30:47)} 17. Bxa6 {(10:55)} Qxa6 {(02:05)} 18. Be3 {
(04:43)} bxc3 {(12:52)} 19. bxc3 {(00:07)} cxd4 {(
01:49)} 20. cxd4 {(04:54)} Nb4 {(01:31)} 21. Bg5 {(05:48)}
Bxg5 {(05:44)} 22. Nxg5 {(00:09)} h6 {(01:03)} 23. Rxf8+ {
(01:55)} Nxf8 {(01:33)} 24. Nf3 {(00:26)} Nxc2 {(
03:00)} 25. Qxc2 {(00:04)} Rc8 {(00:07)} 26. Qd2 {(00:29)}
Qb6 {(03:17)} 27. h4 {(04:26)} Rc4 {(03:08)} 28. h5 {
(01:16)} Rb4 {(04:33)} 29. Kh2 {(01:13)} Rb2 {(00:
56)} 30. Qe1 {(02:40)} a4 {(01:34)} 31. Qc3 {(04:41)} Qb5
{(01:50)} 32. Nh4 {(02:06)} Qe2 {(02:22)} 33. Qf3 {
(02:08)} Qxf3 {(02:15)} 34. Nxf3 {(00:03)} a3 {(00:
09)} 35. Nh4 {(00:24)} Kf7 {(01:58)} 36. Rc1 {(01:20)}
Rxa2 {(02:24)} 37. Rc7+ {(00:03)} Ke8 {(00:39)} 38. Ng6 {
(01:17)} Nxg6 {(01:44)} 39. hxg6 {(00:04)} Rd2 {(
00:10)} 40. Rxg7 {(00:00)} Kf8 {(00:00)} 41. Ra7 {(02:51)}
Rxd4 {(05:23)} 42. Rxa3 {(08:15)} Re4 {(01:11)} 43. Ra7 {
(01:33)} Rxe5 {(01:31)} 44. g7+ {(00:36)} Kg8 {(00:
06)} 45. Rd7 {(05:53)} Rg5 {(13:05)} 46. Re7 {(00:07)} e5
{(00:24)} 47. Kg1 {(00:18)} h5 {(06:41)} 48. Kf2 {(
01:36)} h4 {(00:04)} 49. Rd7 {(03:53)} d4 {(02:12)} 50.
Re7 {(00:27)} d3 {(02:31)} 51. Kf1 {(01:25)} Kh7 {(
00:52)} 52. Kf2 {(00:04)} Kg8 {(01:43)} 53. Kf1 {(00:04)}
Kh7 {(00:51)} 54. Kf2 {(00:04)} d2 {(00:14)} 55. Rd7 {
(00:35)} Rxg7 {(00:12)} 56. Rxd2 {(00:04)} Kg6 {(
00:20)} 57. Rd8 {(08:47)} Kf5 {(00:26)} 58. Rh8 {(00:02)}
Rg4 {(00:31)} 59. Kf3 {(00:19)} Rf4+ {(00:32)} 60. Ke3 {
(00:09)} Re4+ {(01:08)} 61. Kf3 {(00:04)} Rf4+ {(
00:04)} 62. Ke3 {(00:04)} Ra4 {(00:05)} 63. Rf8+ {(01:01)}
Ke6 {(00:04)} 64. Rh8 {(00:45)} Ra3+ {(00:06)} 65. Ke4 {
(01:09)} Ra4+ {(00:05)} 66. Ke3 {(00:03)} Kf6 {(01:
08)} 67. Rf8+ {(00:15)} Kg6 {(00:18)} 68. Re8 {(00:45)}
Kf6 {(02:38)} 69. Rf8+ {(00:10)} Kg7 {(00:05)} 70. Re8 {
(00:06)} Ra3+ {(00:04)} 71. Ke4 {(00:13)} Kf6 {(00:
05)} 72. Rf8+ {(00:08)} Kg7 {(00:25)} 73. Rf5 {(00:53)}
Ra2 {(00:18)} 74. Rxe5 {(00:16)} Rxg2 {(00:08)} 75. Rh5 {
(00:12)} Ra2 {(00:05)} 76. Kf3 {(00:06)} h3 {(00:
07)} 77. Rxh3 {(00:03)} Ra3+ {(00:05)} 78. Kg2 {(00:04)}
Rxh3 {(00:04)} 79. Kxh3 {(00:03)} 1/2-1/2

[Event "42nd Olympiad Baku 2016 Open"]
[Site "Baku"]
[Date "2016.09.04"]
[Round "3.13"]
[White "Kulashko, Alexei"]
[Black "Andersen, Mads"]
[Result "1/2-1/2"]
[ECO "B22"]
[WhiteElo "2348"]
[BlackElo "2535"]
[Annotator ""]
[PlyCount "97"]
[EventDate "2016.??.??"]
[EventCountry "AZE"]
[SourceTitle "playchess.com"]
[Source "ChessBase"]
[WhiteTeam "New Zealand"]
[BlackTeam "Denmark"]
[WhiteTeamCountry "NZL"]
[BlackTeamCountry "DEN"]
[TimeControl "40/5400+30:1800+30"]

1. e4 {(00:00)} c5 {(00:00)} 2. c3 {(00:00)} d5 {(
00:24)} 3. exd5 {(00:00)} Qxd5 {(00:06)} 4. d4 {(00:00)}
g6 {(00:32)} 5. Na3 {(00:56)} Bg7 {(07:33)} 6. Nb5 {
(00:17)} Na6 {(06:08)} 7. Be3 {(00:58)} cxd4 {(10:
58)} 8. Bxd4 {(10:05)} Bxd4 {(03:24)} 9. Qxd4 {(01:50)}
Qxd4 {(08:21)} 10. Nxd4 {(00:16)} Nc7 {(01:13)} 11. Ngf3 {
(04:44)} f6 {(04:22)} 12. Nb5 {(05:18)} Ne6 {(18:
31)} 13. Bc4 {(05:58)} a6 {(00:26)} 14. Bxe6 {(01:08)}
axb5 {(00:03)} 15. Nd4 {(09:45)} Bxe6 {(00:25)} 16. Nxe6 {
(00:02)} Rc8 {(01:36)} 17. a3 {(01:40)} Rc6 {(10:
50)} 18. Nd4 {(00:21)} Rb6 {(00:04)} 19. f4 {(02:38)} e5 {
(04:21)} 20. fxe5 {(00:30)} fxe5 {(00:02)} 21. Nb3 {
(02:09)} Nf6 {(01:22)} 22. O-O-O {(06:28)} O-O {(
00:32)} 23. Rhe1 {(01:17)} Re8 {(02:04)} 24. Nc5 {(01:53)}
Re7 {(05:28)} 25. Ne4 {(03:19)} Nxe4 {(03:31)} 26. Rxe4 {
(00:02)} Rf6 {(00:09)} 27. g3 {(11:16)} Rf2 {(02:
24)} 28. Rd2 {(00:30)} Rxd2 {(00:17)} 29. Kxd2 {(00:03)}
Rd7+ {(00:19)} 30. Ke3 {(01:01)} Rd5 {(01:47)} 31. Rb4 {
(02:44)} Rc5 {(00:24)} 32. Ke4 {(02:16)} b6 {(01:
40)} 33. a4 {(03:30)} bxa4 {(00:02)} 34. Rxa4 {(00:42)} b5
{(03:57)} 35. Ra8+ {(02:03)} Kf7 {(00:30)} 36. Rb8 {
(05:40)} Kf6 {(01:59)} 37. Rb6+ {(00:32)} Ke7 {(00:
33)} 38. h3 {(01:13)} Kf7 {(00:23)} 39. Rb7+ {(01:17)} Ke6
{(00:56)} 40. Rb6+ {(00:00)} Ke7 {(00:00)} 41. g4 {
(07:02)} Kf7 {(00:45)} 42. Rb7+ {(16:37)} Kf6 {(04:
11)} 43. Rxh7 {(01:34)} b4 {(00:47)} 44. Kd3 {(05:36)}
bxc3 {(01:58)} 45. bxc3 {(00:05)} Rd5+ {(04:41)} 46. Ke4 {
(00:24)} Rc5 {(00:15)} 47. Kd3 {(02:42)} Rd5+ {(00:
02)} 48. Ke4 {(02:37)} Rc5 {(00:18)} 49. Kd3 {(01:56)}
1/2-1/2

[Event "42nd Olympiad Baku 2016 Open"]
[Site "Baku"]
[Date "2016.09.04"]
[Round "3.13"]
[White "Lenic, Luka"]
[Black "Marciano, David"]
[Result "1-0"]
[ECO "A06"]
[WhiteElo "2622"]
[BlackElo "2475"]
[Annotator ""]
[PlyCount "95"]
[EventDate "2016.??.??"]
[EventCountry "AZE"]
[SourceTitle "playchess.com"]
[Source "ChessBase"]
[WhiteTeam "Slovenia"]
[BlackTeam "Monaco"]
[WhiteTeamCountry "SLO"]
[BlackTeamCountry "MNC"]
[TimeControl "40/5400+30:1800+30"]

1. Nf3 {(00:00)} d5 {(00:00)} 2. g3 {(00:00)} c6 {(
00:00)} 3. Bg2 {(00:00)} Bg4 {(00:00)} 4. O-O {(00:20)} e6
{(00:13)} 5. c4 {(03:05)} Nd7 {(00:08)} 6. cxd5 {(
02:54)} exd5 {(04:20)} 7. Qb3 {(06:33)} Qb6 {(07:17)} 8.
Qc2 {(00:35)} Ngf6 {(01:48)} 9. d3 {(06:16)} Bd6 {(
01:00)} 10. Nc3 {(03:57)} O-O {(02:08)} 11. e4 {(01:15)}
dxe4 {(12:11)} 12. dxe4 {(00:12)} Ne5 {(00:37)} 13. Nxe5 {
(07:01)} Bxe5 {(00:04)} 14. Be3 {(05:07)} Bd4 {(05:
58)} 15. Na4 {(13:52)} Qb4 {(00:05)} 16. Bxd4 {(02:00)}
Qxd4 {(00:06)} 17. h3 {(00:24)} Be2 {(09:29)} 18. Qxe2 {
(01:50)} Qxa4 {(00:05)} 19. e5 {(00:16)} Rfe8 {(02:
48)} 20. Rfd1 {(01:05)} Qa5 {(03:07)} 21. f4 {(00:11)} Nd5
{(01:01)} 22. Qd2 {(04:29)} Qb6+ {(04:42)} 23. Qd4 {
(00:09)} Ne3 {(08:09)} 24. Qxb6 {(01:05)} axb6 {(
00:06)} 25. Rd7 {(03:46)} Red8 {(00:05)} 26. Rxb7 {(00:08]
} Nxg2 {(00:04)} 27. Kxg2 {(00:03)} Rd2+ {(00:09)} 28. Kf3
{(00:07)} Rxb2 {(00:08)} 29. Rd1 {(01:18)} h5 {(00:
42)} 30. g4 {(17:32)} g6 {(07:03)} 31. gxh5 {(05:28)} Ra3+
{(00:06)} 32. Ke4 {(00:04)} Re2+ {(13:10)} 33. Kd4 {
(00:03)} Ra4+ {(00:09)} 34. Kd3 {(03:25)} Rexa2 {(
00:04)} 35. hxg6 {(01:55)} R2a3+ {(01:11)} 36. Kc2 {(02:
18)} Ra2+ {(00:15)} 37. Kd3 {(02:05)} R2a3+ {(00:04)} 38.
Ke2 {(04:46)} Rxf4 {(10:33)} 39. Rdd7 {(01:09)} Raf3 {
(02:27)} 40. gxf7+ {(00:00)} Rxf7 {(00:00)} 41. e6 {
(03:57)} Rf2+ {(02:24)} 42. Ke3 {(00:39)} R7f3+ {(
00:01)} 43. Ke4 {(00:27)} Rf4+ {(02:32)} 44. Ke5 {(00:31)}
Rf5+ {(00:01)} 45. Kd6 {(00:17)} Rd2+ {(00:12)} 46. Kc7 {
(03:59)} Re2 {(00:05)} 47. e7 {(01:31)} Kf7 {(00:
02)} 48. e8=Q+ {(00:19)} 1-0

[Event "42nd Olympiad Baku 2016 Open"]
[Site "Baku"]
[Date "2016.09.04"]
[Round "3.36"]
[White "Li, Chao b"]
[Black "Di Berardino, Diego Rafael"]
[Result "1/2-1/2"]
[ECO "D85"]
[WhiteElo "2746"]
[BlackElo "2499"]
[Annotator ""]
[PlyCount "87"]
[EventDate "2016.??.??"]
[EventCountry "AZE"]
[SourceTitle "playchess.com"]
[Source "ChessBase"]
[WhiteTeam "China"]
[BlackTeam "Brazil"]
[WhiteTeamCountry "CHN"]
[BlackTeamCountry "BRA"]
[TimeControl "40/5400+30:1800+30"]

1. d4 {(00:00)} Nf6 {(00:00)} 2. c4 {(00:00)} g6 {(
00:02)} 3. Nc3 {(00:09)} d5 {(00:15)} 4. cxd5 {(04:30)}
Nxd5 {(00:04)} 5. g3 {(00:06)} Bg7 {(01:13)} 6. Bg2 {
(01:50)} Nxc3 {(00:38)} 7. bxc3 {(00:05)} c5 {(00:
51)} 8. Nf3 {(00:13)} cxd4 {(02:40)} 9. Nxd4 {(02:12)} O-O
{(04:10)} 10. O-O {(01:49)} Qa5 {(07:37)} 11. Qb3 {
(05:30)} Nc6 {(10:47)} 12. Be3 {(05:19)} Qa6 {(08:
07)} 13. a4 {(25:00)} Bd7 {(23:55)} 14. Rfd1 {(04:55)}
Rfd8 {(09:31)} 15. Bd5 {(06:08)} Be8 {(04:09)} 16. Bg5 {
(10:57)} Na5 {(07:24)} 17. Qa2 {(00:11)} Bf6 {(01:
51)} 18. Be3 {(02:45)} Rac8 {(04:39)} 19. Nb5 {(06:41)} e6
{(02:16)} 20. Bb3 {(02:08)} Nxb3 {(04:10)} 21. Qxb3 {
(00:39)} Qa5 {(00:30)} 22. Nd6 {(09:32)} Rxc3 {(01:
29)} 23. Qb2 {(00:01)} Bc6 {(01:04)} 24. Bd4 {(05:04)}
Bxd4 {(01:51)} 25. Rxd4 {(00:02)} Rc5 {(02:03)} 26. Nxb7 {
(02:53)} Bxb7 {(00:06)} 27. Rxd8+ {(00:07)} Qxd8 {(
00:07)} 28. Qxb7 {(00:05)} Qd4 {(00:23)} 29. Rb1 {(03:17)}
Qxa4 {(00:38)} 30. Qe7 {(01:06)} Rc8 {(00:34)} 31. Rb7 {
(00:39)} Rf8 {(01:27)} 32. e3 {(00:19)} a5 {(00:18]
} 33. Ra7 {(00:41)} Qd1+ {(00:17)} 34. Kg2 {(00:06)} Qd5+
{(00:05)} 35. Kg1 {(00:27)} a4 {(00:48)} 36. h4 {(
00:49)} h5 {(00:12)} 37. Qc7 {(00:56)} Qd1+ {(00:23)} 38.
Kg2 {(00:34)} Qd5+ {(00:05)} 39. Kh2 {(00:43)} Qb3 {
(01:41)} 40. Qe7 {(00:00)} Qc2 {(00:00)} 41. Qf6 {(
04:04)} Qb3 {(04:04)} 42. Qa1 {(01:32)} Qc2 {(01:35)} 43.
Qf6 {(00:11)} Qb3 {(00:10)} 44. Qa1 {(00:06)} 1/2-1/2

[Event "42nd Olympiad Baku 2016 Open"]
[Site "Baku"]
[Date "2016.09.04"]
[Round "3.17"]
[White "Lupulescu, Constantin"]
[Black "Carlsen, Magnus"]
[Result "1/2-1/2"]
[ECO "D11"]
[WhiteElo "2618"]
[BlackElo "2857"]
[Annotator ""]
[PlyCount "153"]
[EventDate "2016.??.??"]
[EventCountry "AZE"]
[SourceTitle "playchess.com"]
[Source "ChessBase"]
[WhiteTeam "Romania"]
[BlackTeam "Norway"]
[WhiteTeamCountry "ROU"]
[BlackTeamCountry "NOR"]
[TimeControl "40/5400+30:1800+30"]

1. d4 {(00:00)} d5 {(00:00)} 2. c4 {(00:00)} c6 {(
00:00)} 3. Nf3 {(00:00)} Nf6 {(00:12)} 4. e3 {(00:00)} Bg4
{(00:17)} 5. h3 {(01:38)} Bxf3 {(00:40)} 6. Qxf3 {(
00:26)} e6 {(00:10)} 7. Nc3 {(01:16)} Nbd7 {(00:18)} 8.
Bd3 {(02:29)} Bd6 {(03:52)} 9. cxd5 {(01:16)} exd5 {
(00:59)} 10. g4 {(00:32)} Nf8 {(09:46)} 11. h4 {(
11:41)} Ne6 {(02:17)} 12. g5 {(05:21)} Nd7 {(03:04)} 13.
Bd2 {(00:14)} Qe7 {(00:54)} 14. O-O-O {(00:51)} O-O-O {
(00:21)} 15. Qg4 {(05:38)} g6 {(00:37)} 16. f4 {(
02:52)} f5 {(00:30)} 17. Qf3 {(09:08)} Kb8 {(05:28)} 18.
h5 {(01:01)} Nb6 {(02:08)} 19. Kb1 {(04:45)} a6 {(
01:00)} 20. Bc1 {(14:39)} Rc8 {(10:10)} 21. hxg6 {(03:56)}
hxg6 {(00:05)} 22. Rxh8 {(00:27)} Rxh8 {(00:02)} 23. Rh1 {
(00:08)} Qe8 {(04:53)} 24. Rh3 {(05:20)} Ka7 {(01:
13)} 25. a3 {(06:48)} Rg8 {(04:57)} 26. Qh1 {(01:43)} Bf8
{(04:28)} 27. Rh8 {(01:26)} Bg7 {(01:14)} 28. Rxg8 {
(00:19)} Qxg8 {(00:02)} 29. Bf1 {(03:19)} Nc8 {(01:
29)} 30. Bd3 {(01:09)} Nd6 {(01:03)} 31. Bf1 {(00:34)} Bf8
{(00:31)} 32. Be2 {(01:17)} Be7 {(00:11)} 33. Bd3 {
(03:30)} Nf8 {(02:26)} 34. Qh2 {(03:49)} Nd7 {(00:
19)} 35. Ne2 {(01:00)} c5 {(02:07)} 36. dxc5 {(00:28)}
Nxc5 {(00:07)} 37. Bc2 {(00:16)} Nce4 {(01:02)} 38. Ng3 {
(01:10)} Nxg3 {(01:23)} 39. Qxg3 {(00:06)} Qe6 {(
00:10)} 40. Qe1 {(00:00)} Nc4 {(00:00)} 41. Qc3 {(07:53)}
Bc5 {(02:28)} 42. Bd3 {(12:03)} Bb6 {(04:10)} 43. Qf6 {
(06:40)} Qe8 {(01:23)} 44. Bxc4 {(04:56)} dxc4 {(
00:02)} 45. Bd2 {(03:07)} Bxe3 {(07:33)} 46. Bxe3+ {(00:
17)} Qxe3 {(00:02)} 47. Qxg6 {(00:18)} Qe4+ {(00:02)} 48.
Ka1 {(02:16)} Qh1+ {(00:07)} 49. Ka2 {(00:12)} Qd5 {
(00:02)} 50. Ka1 {(02:27)} Qd1+ {(00:02)} 51. Ka2 {
(00:04)} Qb3+ {(00:12)} 52. Ka1 {(00:13)} c3 {(00:
03)} 53. bxc3 {(00:07)} Qxa3+ {(00:05)} 54. Kb1 {(00:09)}
Qb3+ {(00:13)} 55. Kc1 {(02:33)} Qxc3+ {(00:01)} 56. Kd1 {
(00:55)} Qf3+ {(02:14)} 57. Kc2 {(00:23)} Qxf4 {(
05:36)} 58. Qf6 {(00:03)} Qe4+ {(01:05)} 59. Kd2 {(02:37)}
f4 {(03:04)} 60. g6 {(00:11)} Qe3+ {(02:27)} 61. Kc2 {
(00:04)} Qe2+ {(03:45)} 62. Kc3 {(00:52)} Qe1+ {(
01:06)} 63. Kc2 {(00:25)} Qf2+ {(00:33)} 64. Kd3 {(01:36)}
Qe3+ {(02:45)} 65. Kc2 {(00:04)} f3 {(04:26)} 66. g7 {
(00:03)} Qg1 {(05:12)} 67. Qf8 {(01:01)} Qg2+ {(02:
30)} 68. Kd3 {(00:39)} f2 {(01:30)} 69. Qc5+ {(00:07)} Kb8
{(00:12)} 70. Qe5+ {(01:01)} Kc8 {(00:26)} 71. Qe6+ {
(00:33)} Kc7 {(00:20)} 72. Qe7+ {(00:29)} Kc6 {(01:
12)} 73. Qe6+ {(00:21)} Kc5 {(00:29)} 74. Qe5+ {(00:15)}
Kb4 {(01:42)} 75. Qd4+ {(00:30)} Kb5 {(00:53)} 76. Qe5+ {
(00:12)} Kc6 {(00:17)} 77. Qe6+ {(00:08)} 1/2-1/2

[Event "42nd Olympiad Baku 2016 Open"]
[Site "Baku"]
[Date "2016.09.04"]
[Round "3.12"]
[White "Luukkonen, Tommi"]
[Black "Jezov, Roman"]
[Result "0-1"]
[ECO "B42"]
[WhiteElo "2354"]
[BlackElo "2283"]
[Annotator ""]
[PlyCount "74"]
[EventDate "2016.??.??"]
[EventCountry "AZE"]
[SourceTitle "playchess.com"]
[Source "ChessBase"]
[WhiteTeam "Finland"]
[BlackTeam "Estonia"]
[WhiteTeamCountry "FIN"]
[BlackTeamCountry "EST"]
[TimeControl "40/5400+30:1800+30"]

1. e4 {(00:00)} c5 {(00:00)} 2. Nf3 {(00:00)} e6 {(
00:03)} 3. d4 {(00:00)} cxd4 {(00:03)} 4. Nxd4 {(00:00)}
a6 {(00:26)} 5. Bd3 {(00:00)} Nf6 {(00:27)} 6. O-O {
(00:12)} Qc7 {(00:12)} 7. Qe2 {(00:04)} d6 {(00:10]
} 8. c4 {(00:03)} Be7 {(00:57)} 9. Nc3 {(00:41)} Nbd7 {
(00:45)} 10. f4 {(00:05)} b6 {(01:22)} 11. Bd2 {(
00:39)} Bb7 {(01:27)} 12. f5 {(05:26)} e5 {(03:43)} 13.
Nf3 {(01:03)} Rc8 {(05:02)} 14. Kh1 {(00:53)} h5 {(
00:16)} 15. Rac1 {(03:51)} Qb8 {(05:54)} 16. Bg5 {(12:40)}
Bd8 {(12:16)} 17. b4 {(06:10)} h4 {(06:45)} 18. Nd5 {
(02:58)} Kf8 {(15:07)} 19. a4 {(14:56)} a5 {(05:10]
} 20. Qd2 {(03:57)} axb4 {(08:59)} 21. Nxh4 {(13:04)} Nc5
{(01:16)} 22. Nxf6 {(07:28)} gxf6 {(03:20)} 23. Bh6+ {
(01:10)} Ke8 {(00:19)} 24. Bb1 {(07:47)} Nb3 {(02:
21)} 25. Qe3 {(01:24)} Nxc1 {(00:08)} 26. Rxc1 {(00:43)}
Qa8 {(01:08)} 27. Bd3 {(04:46)} Qxa4 {(01:48)} 28. Qg3 {
(02:14)} Qa3 {(08:53)} 29. Rd1 {(02:20)} Rxh6 {(03:
39)} 30. Qg8+ {(00:20)} Kd7 {(00:01)} 31. Qxf7+ {(00:55)}
Kc6 {(00:29)} 32. Ng6 {(02:06)} b5 {(04:21)} 33. c5 {
(03:38)} dxc5 {(02:30)} 34. Qe6+ {(02:20)} Kc7 {(
00:08)} 35. Bxb5 {(02:11)} Kb8 {(00:11)} 36. Bd7 {(00:47)}
Bxe4 {(00:58)} 37. Nf4 {(00:56)} Qg3 {(00:52)} 0-1

[Event "42nd Olympiad Baku 2016 Open"]
[Site "Baku"]
[Date "2016.09.04"]
[Round "3.30"]
[White "Ly, Moulthun"]
[Black "Del Castilho, Martyn"]
[Result "1-0"]
[ECO "D43"]
[WhiteElo "2513"]
[BlackElo "2248"]
[Annotator ""]
[PlyCount "203"]
[EventDate "2016.??.??"]
[EventCountry "AZE"]
[SourceTitle "playchess.com"]
[Source "ChessBase"]
[WhiteTeam "Australia"]
[BlackTeam "Barbados"]
[WhiteTeamCountry "AUS"]
[BlackTeamCountry "BAR"]
[TimeControl "40/5400+30:1800+30"]

1. d4 {(00:00)} d5 {(00:00)} 2. c4 {(00:05)} c6 {(
00:01)} 3. Nf3 {(00:17)} Nf6 {(00:07)} 4. Nc3 {(00:30)} e6
{(00:24)} 5. g3 {(03:50)} Nbd7 {(02:23)} 6. Bg2 {(
00:42)} Bd6 {(03:54)} 7. O-O {(01:20)} O-O {(00:28)} 8.
Nd2 {(00:25)} Re8 {(03:44)} 9. e4 {(00:10)} dxe4 {(
06:05)} 10. Ndxe4 {(00:09)} Nxe4 {(00:52)} 11. Nxe4 {(00:
09)} Be7 {(01:12)} 12. Bf4 {(06:02)} Nf6 {(03:36)} 13. Nc3
{(00:58)} Qb6 {(12:08)} 14. Qd2 {(04:57)} Rd8 {(05:
13)} 15. Rfd1 {(03:26)} Bd7 {(19:16)} 16. Qc2 {(06:31)} c5
{(06:06)} 17. d5 {(02:31)} exd5 {(00:46)} 18. cxd5 {
(01:34)} Bd6 {(05:31)} 19. Bxd6 {(03:59)} Qxd6 {(
01:05)} 20. Rac1 {(00:11)} b5 {(01:14)} 21. Ne4 {(00:23)}
Nxe4 {(00:39)} 22. Bxe4 {(00:10)} f5 {(03:04)} 23. Bxf5 {
(03:09)} Bxf5 {(00:46)} 24. Qxf5 {(00:09)} Re8 {(
00:36)} 25. Re1 {(00:37)} c4 {(00:35)} 26. Re6 {(03:28)}
Qc5 {(04:17)} 27. Qe5 {(00:28)} Rf8 {(01:10)} 28. Rc2 {
(00:16)} Rf7 {(03:26)} 29. Re8+ {(04:10)} Rxe8 {(
00:05)} 30. Qxe8+ {(00:05)} Rf8 {(00:04)} 31. Qe6+ {(00:
08)} Kh8 {(00:09)} 32. Qe4 {(04:39)} h6 {(01:03)} 33. Rd2
{(01:24)} b4 {(01:57)} 34. Qd4 {(00:50)} Qxd4 {(01:
37)} 35. Rxd4 {(00:04)} Rc8 {(00:35)} 36. d6 {(01:41)} c3
{(00:42)} 37. d7 {(01:09)} Rd8 {(00:06)} 38. bxc3 {
(00:30)} bxc3 {(00:02)} 39. Rc4 {(00:07)} Rxd7 {(
00:07)} 40. Rc8+ {(00:00)} Kh7 {(00:00)} 41. Rxc3 {(01:18]
} Kg6 {(02:35)} 42. Ra3 {(01:00)} Kf6 {(04:55)} 43. h4 {
(01:35)} h5 {(04:53)} 44. Ra6+ {(00:28)} Kf5 {(05:
28)} 45. Ra5+ {(07:36)} Kg6 {(00:06)} 46. Kf1 {(02:23)}
Re7 {(00:13)} 47. f3 {(02:17)} Kh6 {(00:31)} 48. Ra6+ {
(00:13)} Kh7 {(01:45)} 49. Kf2 {(00:11)} g6 {(01:
11)} 50. Kg2 {(01:11)} Kg7 {(00:44)} 51. Kh3 {(01:21)} Rc7
{(02:52)} 52. g4 {(01:09)} hxg4+ {(01:05)} 53. Kxg4 {
(00:16)} Rf7 {(00:37)} 54. f4 {(00:56)} Kh7 {(00:
35)} 55. Ra5 {(01:03)} Kh6 {(00:36)} 56. h5 {(00:29)}
gxh5+ {(00:58)} 57. Rxh5+ {(00:09)} Kg7 {(00:46)} 58. Rg5+
{(00:12)} Kh7 {(01:46)} 59. Ra5 {(00:27)} Kg7 {(02:
36)} 60. Kg5 {(00:33)} Rc7 {(00:52)} 61. Ra6 {(00:35)} Kf7
{(01:46)} 62. Kf5 {(03:00)} Kf8 {(01:23)} 63. Kg5 {
(09:46)} Rg7+ {(00:46)} 64. Kf5 {(01:44)} Rc7 {(00:
14)} 65. Ke6 {(00:27)} Re7+ {(00:20)} 66. Kd5 {(01:22)}
Rf7 {(03:22)} 67. Ra4 {(00:21)} Ke8 {(02:28)} 68. Rb4 {
(00:35)} Kf8 {(06:11)} 69. Rc4 {(04:40)} Rf6 {(03:
43)} 70. Ra4 {(02:22)} Rf7 {(01:31)} 71. Ke4 {(00:25)}
Re7+ {(00:12)} 72. Kf3 {(00:06)} Rf7 {(00:12)} 73. Ra5 {
(00:19)} Rc7 {(00:44)} 74. f5 {(02:36)} Rb7 {(00:
47)} 75. Kf4 {(00:39)} Rc7 {(00:16)} 76. Ra6 {(05:32)} Rb7
{(00:58)} 77. a4 {(00:21)} Rc7 {(00:26)} 78. a5 {(
00:19)} Rb7 {(00:31)} 79. Rf6+ {(02:19)} Kg7 {(00:31)} 80.
Ra6 {(01:06)} Kf8 {(00:07)} 81. Kg5 {(01:59)} Rg7+ {
(00:16)} 82. Rg6 {(00:09)} Rc7 {(00:22)} 83. Rh6 {(
04:10)} Rg7+ {(00:35)} 84. Kf6 {(00:08)} Rf7+ {(00:14)}
85. Ke6 {(00:05)} Re7+ {(00:16)} 86. Kd6 {(00:22)} Rf7 {
(01:49)} 87. f6 {(00:48)} Kg8 {(00:44)} 88. a6 {(
02:49)} Rf8 {(00:15)} 89. Kc7 {(01:51)} Rf7+ {(00:18)} 90.
Kb8 {(04:27)} Rd7 {(00:16)} 91. Rh1 {(02:22)} Rf7 {
(00:55)} 92. Rf1 {(01:49)} Kf8 {(00:36)} 93. Re1 {(
00:35)} Rxf6 {(01:04)} 94. Kxa7 {(00:09)} Rf2 {(00:06)}
95. Ka8 {(00:18)} Rb2 {(00:46)} 96. a7 {(00:07)} Kf7 {
(00:08)} 97. Rh1 {(00:34)} Ke8 {(00:35)} 98. Rh8+ {
(00:12)} Kd7 {(00:10)} 99. Rb8 {(00:14)} Ra2 {(00:
13)} 100. Kb7 {(00:10)} Rb2+ {(00:31)} 101. Ka6 {(00:09)}
Ra2+ {(00:48)} 102. Kb6 {(00:08)} 1-0